 Dungeon Crawl Stone Soup version 0.29.1-15-g9cfb28693d (webtiles) character file.

Game seed: 1232816073303084430

1286 dudediamond6 the Chopper (level 8, 0/58 HPs)
             Began as a Human Gladiator on Feb 28, 2023.
             Was a Follower of Nemelex Xobeh.
             Slain by a wolf (2 damage)
             ... led by Grum
             ... on level 8 of the Dungeon.
             The game lasted 00:06:36 (4750 turns).

dudediamond6 the Chopper (Human Gladiator)          Turns: 4750, Time: 00:06:38

Health: 0/58       AC: 13    Str: 16    XL:     8   Next: 85%
Magic:  10/10      EV:  6    Int:  9    God:    Nemelex Xobeh [*.....]
Gold:   266        SH:  5    Dex: 15    Spells: 7/7 levels left

rFire   + . .      SeeInvis .   s - +9 war axe of Domination {vorpal, rC++}
rCold   + + .      Faith    .   (no shield)
rNeg    . . .      Spirit   .   L - +0 plate armour
rPois   .          Reflect  +   c - +0 helmet
rElec   .          Harm     .   i - +0 cloak
rCorr   .          Rampage  .   (no gloves)
Will    .....                   (no boots)
Stlth   ..........              t - amulet of reflection
HPRegen 0.19/turn               E - ring of wizardry
MPRegen 0.12/turn               I - ring of protection from fire

@: no status effects
A: no striking features
a: Renounce Religion, Draw Escape, Draw Destruction, Draw Summoning


You were on level 8 of the Dungeon.
You worshipped Nemelex Xobeh.
Nemelex Xobeh was aware of your devotion.
You visited 2 branches of the dungeon, and saw 8 of its levels.

You collected 266 gold pieces.

Inventory:

Hand Weapons
 a - a +0 trident
 f - a +2 mace of protection
 s - the +9 war axe of Domination (weapon) {vorpal, rC++}
   (You found it on level 2 of the Dungeon)

   It inflicts extra damage upon your enemies.
   rC:        It greatly protects you from cold.
Missiles
 d - 3 throwing nets (quivered)
 e - a javelin
 q - 2 silver javelins
Armour
 c - a +0 helmet (worn)
 i - a +0 cloak (worn)
 L - a +0 plate armour (worn)
Jewellery
 g - an amulet of regeneration
 t - an amulet of reflection (around neck)
 E - a ring of wizardry (left hand)
 I - a ring of protection from fire (right hand)
Wands
 G - a wand of digging (3)
 J - a wand of flame (16)
Scrolls
 j - 3 scrolls of teleportation {unknown}
 k - 3 scrolls of magic mapping {unknown}
 l - 4 scrolls of noise {unknown}
 n - 3 scrolls of identify {unknown}
 o - a scroll of poison {unknown}
 p - 2 scrolls of amnesia {unknown}
 B - a scroll of fear {unknown}
 C - a scroll of acquirement {unknown}
 K - a scroll of silence {unknown}
Potions
 b - a potion of invisibility {unknown}
 h - a potion of flight {unknown}
 m - a potion of lignification {unknown}
 r - a potion of cancellation {unknown}
 u - a potion of heal wounds {unknown}
 v - 3 potions of curing {unknown}
 w - a potion of might {unknown}
 x - a potion of mutation {unknown}
 z - 2 potions of attraction {unknown}
 A - a potion of degeneration {unknown}
 D - a potion of resistance {unknown}
 F - a potion of magic {unknown}
 H - a potion of ambrosia {unknown}


   Skills:
 + Level 3.5 Fighting
 * Level 7.1(7.5) Axes
 - Level 1.7(4.8) Maces & Flails
 + Level 3.0(5.4) Polearms
 + Level 2.1 Throwing
 + Level 3.6 Armour
 - Level 3.6 Dodging
 * Level 3.8 Invocations


You had 7 spell levels left.
You didn't know any spells.
Your spell library contained the following spells:

 Spells                   Type           Power      Damage    Failure   Level
 Confusing Touch          Hex            0%         N/A       100%        3
 Ozocubu's Armour         Ice            0%         N/A       100%        3
 Metabolic Englaciation   Hex/Ice        0%         N/A       100%        5
 Yara's Violent Unravell  Hex/Tmut       0%         3d3       100%        5
 Dispersal                Tloc           0%         N/A       100%        6
 Simulacrum               Ice/Necr       0%         N/A       100%        6
 Enfeeble                 Hex            0%         N/A       100%        7
 Disjunction              Tloc           0%         N/A       100%        8


Dungeon Overview and Level Annotations

Branches:
Dungeon (6/15)             Temple (1/1) D:4

Altars:
Elyvilon
Kikubaaqudgha
Makhleb
Nemelex Xobeh
Okawaru
Ru
Sif Muna
Trog
Wu Jian
Xom
The Shining One


Message History

Grum hits you from afar with a +1 spear!
Grum hits you with a +1 spear!
You see here a wolf corpse.
You slash Grum!
Grum is heavily wounded.
You block Grum's attack. Grum hits you with a +1 spear.
You are too injured to fight recklessly!
You are too injured to fight recklessly!
You are too injured to fight recklessly!
You are too injured to fight recklessly!
You are too injured to fight recklessly!
You hit Grum.
Grum is severely wounded.
Grum hits you with a +1 spear!
* * * LOW HITPOINT WARNING * * *
That deck is empty!
You hit Grum.
Grum is severely wounded.
Grum hits you with a +1 spear.
* * * LOW HITPOINT WARNING * * *
You slice Grum!!
You kill Grum!
The wolf bites you but does no damage.
Your Axes skill increases to level 7!
You miss the wolf. You block the wolf's attack. The wolf bites you.
* * * LOW HITPOINT WARNING * * *
You slash the wolf!
The wolf is heavily wounded.
The wolf closely misses you. The wolf barely misses you.
You hit the wolf.
The wolf is severely wounded.
The wolf bites you but does no damage. The wolf bites you.
* * * LOW HITPOINT WARNING * * *
You barely miss the wolf.
The wolf is severely wounded.
The wolf bites you.
* * * LOW HITPOINT WARNING * * *
The wolf bites you.
You die...
Your body disappears without a glow.

.......# #.#
.......# #.#
..)....# #.#
..###### #.# ###
#.# #.# #.#
##############.##
....hhh@........#
#################


You could see 3 wolves.

Vanquished Creatures
  Grum (D:8)
  A black bear (D:5)
  2 ice beasts
  A wolf (D:8)
  2 centaurs
  A phantom (D:6)
  2 necrophages
  A scorpion (D:5)
  An oklob sapling (D:4)
  A jelly (D:6)
  A hound (D:5)
  2 orc wizards (D:6)
  10 adders
  A shadow imp (D:5)
  A white imp (D:5)
  4 ufetubi
  5 worms
  3 dart slugs
  6 orcs
  8 ball pythons
  3 endoplasms
  3 giant cockroaches
  8 goblins
  9 hobgoblins
  10 jackals
  8 kobolds
  3 bats
  3 frilled lizards
  4 rats (D:1)
105 creatures vanquished.

Vanquished Creatures (others)
  8 plants (D:4)
8 creatures vanquished.

Grand Total: 113 creatures vanquished

Notes
Turn   | Place    | Note
-------+----------+-------------------------------------------
     0 | D:1      | dudediamond6 the Human Gladiator began the quest for the
                  | Orb.
     0 | D:1      | Reached XP level 1. HP: 16/16 MP: 1/1
   154 | D:1      | Reached XP level 2. HP: 22/22 MP: 2/2
   519 | D:1      | Reached XP level 3. HP: 27/27 MP: 3/3
   903 | D:2      | Reached skill level 1 in Maces & Flails
   933 | D:2      | Reached skill level 1 in Invocations
   979 | D:2      | Reached XP level 4. HP: 26/33 MP: 4/4
  1010 | D:2      | Identified the +9 war axe of Domination {vorpal, rC++}
  1348 | D:2      | Found a faded altar of an unknown god.
  1460 | D:3      | Reached skill level 1 in Armour
  1726 | D:3      | Reached XP level 5. HP: 39/39 MP: 6/6
  1753 | D:3      | Found a bloodstained altar of Trog.
  1783 | D:3      | Reached skill level 1 in Axes
  2593 | D:4      | Reached skill level 2 in Axes
  2655 | D:4      | Found a staircase to the Ecumenical Temple.
  2675 | D:4      | Reached XP level 6. HP: 33/46 MP: 7/7
  2676 | Temple   | Entered the Ecumenical Temple
  3037 | Temple   | Became a worshipper of Nemelex Xobeh the Trickster
  3198 | D:4      | Found a glowing golden altar of the Shining One.
  3373 | D:5      | Entered Level 5 of the Dungeon
  3399 | D:5      | Reached skill level 3 in Axes
  3705 | D:5      | Noticed a black bear
  3840 | D:5      | Killed a black bear
  3841 | D:5      | Reached skill level 4 in Axes
  3841 | D:5      | Reached XP level 7. HP: 51/51 MP: 8/8
  3867 | D:5      | Reached * piety under Nemelex Xobeh
  4384 | D:5      | Reached skill level 5 in Axes
  4491 | D:6      | Reached XP level 8. HP: 56/58 MP: 10/10
  4526 | D:6      | Reached skill level 6 in Axes
  4685 | D:6      | You fall into a shaft and drop 2 floors!
  4734 | D:8      | Noticed Grum
  4746 | D:8      | Killed Grum
  4747 | D:8      | Reached skill level 7 in Axes
  4750 | D:8      | HP: 2/58 [wolf[Grum] (5)]
  4750 | D:8      | Slain by a wolf

Illustrated notes

Levels and vault maps discovered:
D:1:      mrwooster_arrival_statue, layout_basic
D:2:      layout_basic, chequers_ecumenical_altar_grove
D:3:      cheibrodos_greedy_goblins, layout_basic, mainiacjoe_overflow_chevrons,
          chequers_serial_rivers_small_a, chequers_mini_garden
D:4:      layout_rooms, mainiacjoe_overflow_six_doors_small,
          minmay_temple_entry_oklob
D:5:      layout_rooms, serial_co_window_serial, co_window_corner_a,
          co_window_of_opportunity_a, co_window_paths_a, co_window_paths_b,
          co_window_of_opportunity_a, co_window_broadway_c,
          co_window_unsneaky_path_b, co_window_2corner,
          co_window_unsneaky_path_c, co_window_sun, co_window_4corner_a,
          glass_columns_a, glass_columns_a, glass_columns_a, glass_columns_a,
          glass_columns_b
D:6:      layout_loops_cross, zin_statuary, uniq_prince_ribbit1,
          uniq_crazy_yiuf_cottage, uniq_edmund
D:8:      layout_basic, minmay_lair_entry_grove, serial_shops, shop, uniq_grum,
          uniq_pikel
Temple:   compressed_dpeg_triangle_lava_temple

Skill      XL: |  1  2  3  4  5  6  7  8 |
---------------+-------------------------+-----
Maces & Flails | 1 |  1.7
Invocations    | 1 2 3 |  3.8
Armour         | 1 2 3 |  3.6
Axes           | 2 4 5 7 |  7.1
Fighting       | 3 |  3.5
Polearms       | |  3.0
Throwing       | |  2.1
Dodging        | |  3.6

Action                   |  1- 3 |  4- 6 |  7- 9 || total
-------------------------+-------+-------+-------++-------
Melee: Trident           |     9 |       |       ||     9
       Mace              |    82 |     1 |       ||    83
       War axe           |       |   120 |    59 ||   179
Armor: Leather armour    |    42 |    13 |       ||    55
       Chain mail        |       |    48 |    30 ||    78
       Plate armour      |       |       |     7 ||     7
Dodge: Dodged            |    68 |    77 |    19 ||   164
Block: Other             |       |    23 |    20 ||    43
       Reflection        |       |     2 |       ||     2
